 Dungeon Crawl Stone Soup version 0.26-a0-966-gd078a86f14 (webtiles) character file.

Game seed: 9629458803165910903

31 Alado the Skirmisher (level 3, -2/29 HPs)
             Began as a Demonspawn Abyssal Knight on Dec 3, 2020.
             Was a Follower of Lugonu.
             Slain by Sigmund
             ... wielding a +0 scythe
              (10 damage)
             ... on level 2 of the Dungeon.
             The game lasted 00:06:43 (1321 turns).

Alado the Skirmisher (Demonspawn Abyssal Knight)    Turns: 1321, Time: 00:06:43

Health: -2/29      AC:  3    Str: 10 (13) XL:     3   Next: 7%
Magic:  4/4        EV: 11    Int: 11 (13) God:    Lugonu [*.....]
Gold:   46         SH:  0    Dex:  9 (12) Spells: 2/2 levels left

rFire    . . .     SeeInvis .   a - +4 spear
rCold    . . .     Faith    .   (no shield)
rNeg     . . .     Spirit   .   b - +0 leather armour
rPois    .         Reflect  .   (helmet restricted)
rElec    .         Harm     .   (no cloak)
rCorr    .         Rampage  .   (no gloves)
MR       .....                  (no boots)
Stlth    +.........             (no amulet)
HPRegen  0.09/turn              (no ring)
MPRegen  0.09/turn              (no ring)

@: no status effects
A: antennae 1
a: Depart the Abyss, Renounce Religion


You were on level 2 of the Dungeon.
You worshipped Lugonu.
Lugonu was aware of your devotion.
You visited 1 branch of the dungeon, and saw 2 of its levels.
You visited the Abyss 1 time.

You collected 46 gold pieces.

Inventory:

Hand Weapons
 a - a +4 spear (weapon)
Armour
 b - a +0 leather armour (worn)
 c - a +0 pair of gloves
 d - a +0 scale mail
 e - a +0 chain mail
Scrolls
 f - a scroll of teleportation
Potions
 h - a potion of curing


   Skills:
 + Level 3.5 Fighting
 + Level 2.2 Polearms
 + Level 2.0 Armour
 + Level 1.1 Dodging
 + Level 2.6 Invocations


You had 2 spell levels left.
You didn't know any spells.
Your spell library was empty.

Dungeon Overview and Level Annotations

Branches:
Dungeon (2/15)

Altars:

Annotations:
D:2 Sigmund


Innate Abilities, Weirdness & Mutations

You have a pair of small antennae on your head.


Message History

Sigmund is moderately wounded.
Sigmund's eyes start glowing with a red light.
Sigmund barely misses you.
You hit Sigmund.
Sigmund is moderately wounded.
Sigmund points at you and mumbles some strange words.
The magic dart hits you!
* * * LOW HITPOINT WARNING * * *
You barely miss Sigmund.
Sigmund is moderately wounded.
Sigmund closely misses you.
You hit Sigmund.
Sigmund is heavily wounded.
You puncture Sigmund!
Sigmund is severely wounded.
Sigmund mumbles some strange words.
Sigmund flickers and vanishes!
Deactivating autopickup; reactivate with Ctrl-A.
You hit something but do no damage. Something hits you!
You die...

..#...........######
.............#
#.#...........#
#.............#
#.......)....#
#..###'#######
..###'#######.
#..†........
#...@.......
#...{.......
#...........
#...........
#...........
#...........
#.((........
#...........


There were no monsters in sight!

Vanquished Creatures
  An adder (D:2)
  A leopard gecko (D:2)
  4 goblins
  2 hobgoblins
  2 jackals (D:1)
  A kobold (D:1)
  A quokka (D:2)
  A bat (D:2)
  3 frilled lizards
  5 rats
21 creatures vanquished.

Notes
Turn   | Place    | Note
-------+----------+-------------------------------------------
     0 | Abyss:1  | Alado the Demonspawn Abyssal Knight began the quest for the
                  | Orb.
     0 | Abyss:1  | Reached XP level 1. HP: 18/18 MP: 2/2
     2 | D:1      | Escaped the Abyss
   380 | D:1      | Gained mutation: You have a pair of small antennae on your
                  | head. [demonic ancestry]
   380 | D:1      | Reached XP level 2. HP: 17/24 MP: 3/3
   826 | D:2      | Reached * piety under Lugonu
   840 | D:2      | Reached skill level 1 in Dodging
  1005 | D:2      | Reached XP level 3. HP: 8/29 MP: 4/4
  1305 | D:2      | Noticed Sigmund
  1321 | D:2      | Slain by Sigmund

Illustrated notes

Levels and vault maps discovered:
D:1:      lightli_arrival_statue_moat, layout_rooms
D:2:      layout_basic, old_standard_altar, trog_hazing_becter,
          uniq_crazy_yiuf_cottage, uniq_sigmund

Skill      XL: |  1  2 |
---------------+-------+-----
Polearms       | 2 |  2.2
Dodging        | 1 |  1.1
Armour         | 2 |  2.0
Fighting       | |  3.5
Invocations    | |  2.6

Action                   || total
-------------------------++-------
Melee: Spear             ||    82
Invok: Depart the Abyss  ||     1
  Use: Scroll            ||     9
       Potion            ||     5
Armor: Leather armour    ||    10
Dodge: Dodged            ||    43

Table legend: (Time is in decaauts)
 A = Elapsed time spent in this place.
 B = Non-inter-level travel time spent in this place.
 C = Inter-level travel time spent in this place.
 D = Time resting spent in this place.
 E = Time spent auto-exploring this place.
 F = Levels seen in this place.
 G = Mean time per level.
                   A        B        C        D        E       F      G
               +--------+--------+--------+--------+--------+-----+--------+
         Total |   1320 |   1308 |     12 |    291 |    802 |   3 |  440.0 |
       Dungeon |   1318 |   1306 |     12 |    291 |    802 |   2 |  659.0 |
         Abyss |      2 |      2 |      0 |      0 |      0 |   1 |    2.0 |
               +--------+--------+--------+--------+--------+-----+--------+

Top non-repeatable levels by time:
     D:1: 775 daAuts
     D:2: 543 daAuts
 Abyss:1: 2 daAuts
